Connexion

Wolves vs Palm Springs Eager

Created - 9 avril 2024 at 05:51

Goals
1 2 3 T
Wolves 0 0 1 1
Palm Springs Eager 2 0 2 4
Shots
1 2 3 T
Wolves 20 15 16 51
Palm Springs Eager 13 6 17 36

GoalsPenalties
1st period
1. Palm Springs Eager , Rocco Grimaldi 1 (Steven Lorentz 1, Gavin Bayreuther 1) at 6:46 (PP)
2. Palm Springs Eager , Nico Sturm 1 (Mike Hardman 1, Saku Maenalanen 1) at 14:34
Mike Hardman (SEA) for Tripping (Minor) at 1:18
Jack Rodewald (CHI) for Hooking (Minor) at 5:40
Mike Hardman (SEA) for Slashing (Minor) at 10:32
Scott Reedy (SEA) for Interference (Minor) at 19:34
2nd period
No Goal
Lias Andersson (SEA) for Hooking (Minor) at 2:06
Colin Miller (SEA) for Hooking (Minor) at 6:37
Scott Mayfield (SEA) for Fighting (Major) at 10:42
Ryan Stanton (CHI) for Fighting (Major) at 10:42
Scott Mayfield (SEA) for instigated a fight (Game Misconduct) at 10:42
3rd period
3. Palm Springs Eager , Ryan Graves 1 (Rocco Grimaldi 1, Steven Lorentz 2) at 0:12
4. Palm Springs Eager , Jonathan Toews 1 (Lias Andersson 1, Radko Gudas 1) at 8:48
5. Wolves , Matt Tennyson 1 (Artur Gavrus 1, Mark Jankowski 1) at 15:34
Radim Simek (CHI) for Cross-checking (Minor) at 11:10
Radko Gudas (SEA) for Holding (Minor) at 18:54
Goalie Stats
Dylan Wells (CHI), 32 saves from 36 shots - (0,889), L, 0-1-0, 60:00 minutes
Anton Forsberg (SEA), 50 saves from 51 shots - (0,980), W, 1-0-0, 60:00 minutes
3 StarsOfficial
1 - Anton Forsberg (SEA)
2 - Rocco Grimaldi (SEA)
3 - Jonathan Toews (SEA)
Referees : Dennis LaRue and Chris Ciamaga
Linesman : Michel Cormier and Darren Gibbs
Game Note
Ryan Stanton beats up Scott Mayfield at 10:42 of 2nd period
Scott Mayfield (SEA) for instigated a fight (Game Misconduct) at 10:42
Scott Mayfield ejected from game at 10:42 of 2nd period
Finance
Level 1 -- Attendance: 1686 (84,30%) -- Ticket Income $67,440
Level 2 -- Attendance: 1000 (100,00%) -- Ticket Income $20,000
Total Attendance: 2686 (89,53%)
Total Ticket Income: $87,440
Other Income: $17,488
Total Income: $104,928



Team Name Goals Shots Shots Attemp Shots Blocked PIM HIT PP PK FO%
Wolves 1519899210 / 7 (0%)152%
Palm Springs Eager 436731929211 / 2 (50%)048%

Wolves
Player Name POS G A P +/- PIM HIT SHT SB MP PP MP PP SHT PK MP PK SHT FO% FOT
Adam HelewkaLW000000304:530:0000:0000% 0
Artur GavrusC/LW0111024010:220:0000:0000% 1
Brett SeneyLW000-2015024:366:4531:59040% 5
David CottonC000000305:120:0000:19060% 10
Garrett MitchellRW000-1003019:036:1430:0000% 0
Gregory HofmannC/LW000-2003024:366:4521:59047% 36
Jack RodewaldRW000-2222023:236:4500:47067% 3
Jamie DevaneLW000-1027019:036:1420:0000% 1
Jens LookeLW/RW000001104:530:0000:0000% 1
Louie BelpedioD0000001015:340:0001:1200% 0
Mark JankowskiC0111013010:220:0000:00064% 11
Matt TennysonD1011063222:406:0621:1400% 0
Mitchell Vande SompelD000-3001322:586:5311:5100% 0
Radim SimekD000-3234323:217:1530:3900% 0
Ryan StantonD0001502020:064:4701:1400% 0
Scott KosmachukRW0001002010:220:0000:0000% 2
Tanner KeroC/LW000-1003020:096:1401:06059% 29
Tommy CrossD0000031115:190:5700:0000% 0
Palm Springs Eager
Player Name POS G A P +/- PIM HIT SHT SB MP PP MP PP SHT PK MP PK SHT FO% FOT
Alexander CampbellC/LW000-100008:110:0000:0000% 1
Colin MillerD0000232018:060:3500:4200% 0
Dmitry OvchinnikovLW000000000:000:0000:0000% 0
Gavin BayreutherD011-1030323:101:0206:3900% 0
Jonathan ToewsC1012013127:391:4017:36053% 34
Lias AnderssonC0111202012:120:0000:51075% 16
Mike HardmanC/LW/RW0111432117:171:2500:0000% 2
Nico SturmC/LW1011016422:231:2515:04055% 22
Nikita NesterenkoC/LW/RW0001003011:220:0000:0000% 0
Radko GudasD0113232226:002:0306:0400% 0
Riley DuranC000000001:330:0000:0000% 0
Rocco GrimaldiC/RW1120045025:121:4026:5700% 2
Ryan GravesD1012002327:052:0306:2000% 0
Saku MaenalanenC/LW/RW0111001017:451:2510:26050% 2
Scott MayfieldD00001700211:270:2704:4300% 0
Scott ReedyC000-122108:100:0000:00021% 14
Steven LorentzC/LW0221015015:571:4005:04033% 6
Vili SaarijarviD0000002313:250:0001:3000% 0



Play-by-Play

1st period


0:01 of 1st period - Gregory Hofmann wins face-off versus Steven Lorentz in neutral zone.
0:08 of 1st period - Shot by Brett Seney.
0:08 of 1st period - Stopped by Anton Forsberg without a rebound.
0:09 of 1st period - Nico Sturm wins face-off versus Tanner Kero in Palm Springs Eager zone.
0:22 of 1st period - Saku Maenalanen is hit by Jamie Devane and loses puck.
0:32 of 1st period - Off-side.
0:33 of 1st period - Lias Andersson wins face-off versus Mark Jankowski in neutral zone.
0:33 of 1st period - Lias Andersson is hit by Artur Gavrus.
0:39 of 1st period - Shot by Jonathan Toews.
0:39 of 1st period - Shot Blocked by Tommy Cross.
0:45 of 1st period - Shot by Lias Andersson.
0:45 of 1st period - Stopped by Dylan Wells with a rebound.
0:49 of 1st period - Shot by Nikita Nesterenko.
0:49 of 1st period - Stopped by Dylan Wells with a rebound.
0:51 of 1st period - Shot by Vili Saarijarvi.
0:51 of 1st period - Stopped by Dylan Wells without a rebound.
0:52 of 1st period - Gregory Hofmann wins face-off versus Scott Reedy in Wolves zone.
0:59 of 1st period - Shot by Brett Seney.
0:59 of 1st period - Shot Blocked by Radko Gudas.
1:09 of 1st period - Shot by Scott Reedy.
1:09 of 1st period - Shot Misses the Net.
1:11 of 1st period - Shot by Radko Gudas.
1:11 of 1st period - Shot Blocked by Mitchell Vande Sompel.
1:13 of 1st period - Shot by Rocco Grimaldi.
1:13 of 1st period - Shot Blocked by Radim Simek.
1:15 of 1st period - Shot by Radko Gudas.
1:15 of 1st period - Stopped by Dylan Wells without a rebound.
1:16 of 1st period - David Cotton wins face-off versus Nico Sturm in Wolves zone.
1:16 of 1st period - Ryan Stanton is hit by Mike Hardman and loses puck.
1:18 of 1st period - Minor Penalty to Mike Hardman for Tripping.
1:19 of 1st period - Jonathan Toews wins face-off versus Tanner Kero in Palm Springs Eager zone.
1:30 of 1st period - Shot by Ryan Stanton.
1:30 of 1st period - Shot Blocked by Scott Mayfield.
1:32 of 1st period - Shot by Jamie Devane.
1:32 of 1st period - Stopped by Anton Forsberg without a rebound.
1:33 of 1st period - Jonathan Toews wins face-off versus Gregory Hofmann in Palm Springs Eager zone.
2:10 of 1st period - Shot by Jack Rodewald.
2:10 of 1st period - Shot Misses the Net.
2:12 of 1st period - Shot by Mitchell Vande Sompel.
2:12 of 1st period - Stopped by Anton Forsberg without a rebound.
2:13 of 1st period - Steven Lorentz wins face-off versus Tanner Kero in Palm Springs Eager zone.
2:34 of 1st period - Shot by Jamie Devane.
2:34 of 1st period - Shot Misses the Net.
2:36 of 1st period - Shot by Garrett Mitchell.
2:36 of 1st period - Shot Blocked by Radko Gudas.
2:48 of 1st period - Shot by Garrett Mitchell.
2:48 of 1st period - Stopped by Anton Forsberg with a rebound.
3:06 of 1st period - Shot by Radim Simek.
3:06 of 1st period - Shot Blocked by Ryan Graves.
3:14 of 1st period - Shot by Brett Seney.
3:14 of 1st period - Stopped by Anton Forsberg without a rebound.
3:15 of 1st period - Jonathan Toews wins face-off versus Gregory Hofmann in Palm Springs Eager zone.
3:21 of 1st period - Icing by Scott Kosmachuk.
3:22 of 1st period - Mark Jankowski wins face-off versus Lias Andersson in Wolves zone.
3:56 of 1st period - Icing by Scott Mayfield.
3:57 of 1st period - Lias Andersson wins face-off versus Gregory Hofmann in Palm Springs Eager zone.
3:57 of 1st period - Lias Andersson is hit by Jack Rodewald.
4:10 of 1st period - Brett Seney is hit by Gavin Bayreuther and loses puck.
5:00 of 1st period - Saku Maenalanen is hit by Matt Tennyson.
5:05 of 1st period - Off-side.
5:06 of 1st period - Scott Reedy wins face-off versus Jens Looke in neutral zone.
5:16 of 1st period - Icing by Tommy Cross.
5:17 of 1st period - Nico Sturm wins face-off versus David Cotton in Wolves zone.
5:17 of 1st period - Ryan Graves is hit by Tommy Cross and loses puck.
5:35 of 1st period - Shot by David Cotton.
5:35 of 1st period - Stopped by Anton Forsberg without a rebound.
5:36 of 1st period - Gregory Hofmann wins face-off versus Scott Reedy in Palm Springs Eager zone.
5:36 of 1st period - Matt Tennyson is hit by Colin Miller and loses puck.
5:40 of 1st period - Minor Penalty to Jack Rodewald for Hooking.
5:41 of 1st period - Nico Sturm wins face-off versus Brett Seney in Wolves zone.
6:00 of 1st period - Shot by Radko Gudas.
6:00 of 1st period - Shot Blocked by Mitchell Vande Sompel.
6:13 of 1st period - Shot by Mike Hardman.
6:13 of 1st period - Shot Misses the Net.
6:15 of 1st period - Shot by Mike Hardman.
6:15 of 1st period - Shot Misses the Net.
6:17 of 1st period - Shot by Saku Maenalanen.
6:17 of 1st period - Stopped by Dylan Wells with a rebound.
6:19 of 1st period - Shot by Nico Sturm.
6:19 of 1st period - Stopped by Dylan Wells without a rebound.
6:20 of 1st period - David Cotton wins face-off versus Jonathan Toews in Wolves zone.
6:46 of 1st period - Shot by Rocco Grimaldi.
6:46 of 1st period - Goal by Rocco Grimaldi - Wolves : 0 - Palm Springs Eager : 1.
6:47 of 1st period - Mark Jankowski wins face-off versus Scott Reedy in neutral zone.
6:58 of 1st period - Scott Reedy is hit by Tommy Cross and loses puck.
7:09 of 1st period - Shot by Rocco Grimaldi.
7:09 of 1st period - Shot Misses the Net.
7:11 of 1st period - Shot by Vili Saarijarvi.
7:11 of 1st period - Stopped by Dylan Wells without a rebound.
7:12 of 1st period - Tanner Kero wins face-off versus Nico Sturm in Wolves zone.
7:12 of 1st period - Jamie Devane is hit by Mike Hardman and loses puck.
7:21 of 1st period - Shot by Jamie Devane.
7:21 of 1st period - Stopped by Anton Forsberg with a rebound.
7:23 of 1st period - Shot by Tanner Kero.
7:23 of 1st period - Stopped by Anton Forsberg without a rebound.
7:24 of 1st period - Lias Andersson wins face-off versus Gregory Hofmann in Palm Springs Eager zone.
8:04 of 1st period - Shot by Gregory Hofmann.
8:04 of 1st period - Shot Misses the Net.
8:25 of 1st period - Icing by Jonathan Toews.
8:26 of 1st period - Lias Andersson wins face-off versus Mark Jankowski in Palm Springs Eager zone.
9:13 of 1st period - Shot by Mike Hardman.
9:13 of 1st period - Stopped by Dylan Wells without a rebound.
9:14 of 1st period - Tanner Kero wins face-off versus Alexander Campbell in Wolves zone.
9:14 of 1st period - Tanner Kero is hit by Scott Reedy.
9:28 of 1st period - Mitchell Vande Sompel is hit by Scott Reedy and loses puck.
9:43 of 1st period - Shot by Jamie Devane.
9:43 of 1st period - Stopped by Anton Forsberg without a rebound.
9:44 of 1st period - Jonathan Toews wins face-off versus Gregory Hofmann in Palm Springs Eager zone.
9:49 of 1st period - Shot by Steven Lorentz.
9:49 of 1st period - Shot Hit the Post.
10:18 of 1st period - Shot by Rocco Grimaldi.
10:18 of 1st period - Deflect By Steven Lorentz.
10:18 of 1st period - Stopped by Dylan Wells with a rebound.
10:32 of 1st period - Minor Penalty to Mike Hardman for Slashing.
10:33 of 1st period - Jonathan Toews wins face-off versus Tanner Kero in Palm Springs Eager zone.
10:53 of 1st period - Icing by Radim Simek.
10:54 of 1st period - Jonathan Toews wins face-off versus Tanner Kero in Wolves zone.
11:05 of 1st period - Shot by Radim Simek.
11:05 of 1st period - Stopped by Anton Forsberg with a rebound.
11:07 of 1st period - Shot by Radim Simek.
11:07 of 1st period - Shot Misses the Net.
11:09 of 1st period - Shot by Jamie Devane.
11:09 of 1st period - Shot Blocked by Jonathan Toews.
11:11 of 1st period - Shot by Jamie Devane.
11:11 of 1st period - Shot Misses the Net.
11:28 of 1st period - Off-side.
11:29 of 1st period - Gregory Hofmann wins face-off versus Steven Lorentz in neutral zone.
11:33 of 1st period - Gregory Hofmann is hit by Steven Lorentz and loses puck.
11:48 of 1st period - Shot by Brett Seney.
11:48 of 1st period - Stopped by Anton Forsberg without a rebound.
11:49 of 1st period - Gregory Hofmann wins face-off versus Jonathan Toews in Palm Springs Eager zone.
11:56 of 1st period - Shot by Matt Tennyson.
11:56 of 1st period - Stopped by Anton Forsberg with a rebound.
12:10 of 1st period - Shot by Matt Tennyson.
12:10 of 1st period - Stopped by Anton Forsberg without a rebound.
12:11 of 1st period - Jonathan Toews wins face-off versus Tanner Kero in Palm Springs Eager zone.
12:26 of 1st period - Shot by Tanner Kero.
12:26 of 1st period - Deflect By Garrett Mitchell.
12:26 of 1st period - Shot Blocked by Gavin Bayreuther.
12:40 of 1st period - Shot by Louie Belpedio.
12:40 of 1st period - Stopped by Anton Forsberg without a rebound.
12:41 of 1st period - Nico Sturm wins face-off versus Mark Jankowski in Palm Springs Eager zone.
13:04 of 1st period - Shot by Mark Jankowski.
13:04 of 1st period - Stopped by Anton Forsberg without a rebound.
13:05 of 1st period - Gregory Hofmann wins face-off versus Lias Andersson in Palm Springs Eager zone.
13:15 of 1st period - Icing by Jonathan Toews.
13:16 of 1st period - Lias Andersson wins face-off versus Tanner Kero in Palm Springs Eager zone.
14:30 of 1st period - Shot by Saku Maenalanen.
14:30 of 1st period - Shot Misses the Net.
14:32 of 1st period - Shot by Mike Hardman.
14:32 of 1st period - Stopped by Dylan Wells with a rebound.
14:34 of 1st period - Shot by Nico Sturm.
14:34 of 1st period - Goal by Nico Sturm - Wolves : 0 - Palm Springs Eager : 2.
14:35 of 1st period - David Cotton wins face-off versus Scott Reedy in neutral zone.
14:40 of 1st period - Shot by Adam Helewka.
14:40 of 1st period - Stopped by Anton Forsberg with a rebound.
14:52 of 1st period - Shot by Jens Looke.
14:52 of 1st period - Shot Misses the Net.
14:54 of 1st period - Shot by Tommy Cross.
14:54 of 1st period - Shot Misses the Net.
14:56 of 1st period - Shot by David Cotton.
14:56 of 1st period - Stopped by Anton Forsberg without a rebound.
14:57 of 1st period - Jack Rodewald wins face-off versus Jonathan Toews in Palm Springs Eager zone.
15:06 of 1st period - Mitchell Vande Sompel is hit by Jonathan Toews.
15:09 of 1st period - Gregory Hofmann is hit by Rocco Grimaldi and loses puck.
15:14 of 1st period - Shot by Jack Rodewald.
15:14 of 1st period - Shot Misses the Net.
15:16 of 1st period - Shot by Radim Simek.
15:16 of 1st period - Stopped by Anton Forsberg without a rebound.
15:17 of 1st period - Saku Maenalanen wins face-off versus Mark Jankowski in Palm Springs Eager zone.
16:06 of 1st period - Shot by Brett Seney.
16:06 of 1st period - Stopped by Anton Forsberg without a rebound.
16:07 of 1st period - Gregory Hofmann wins face-off versus Jonathan Toews in Palm Springs Eager zone.
16:27 of 1st period - Steven Lorentz is hit by Radim Simek and loses puck.
16:30 of 1st period - Shot by Rocco Grimaldi.
16:30 of 1st period - Stopped by Dylan Wells with a rebound.
16:44 of 1st period - Brett Seney is hit by Rocco Grimaldi and loses puck.
17:30 of 1st period - Shot by Lias Andersson.
17:30 of 1st period - Shot Blocked by Matt Tennyson.
17:32 of 1st period - Shot by Nikita Nesterenko.
17:32 of 1st period - Shot Misses the Net.
17:34 of 1st period - Shot by Riley Duran.
17:34 of 1st period - Shot Misses the Net.
18:57 of 1st period - Shot by Steven Lorentz.
18:57 of 1st period - Shot Misses the Net.
19:34 of 1st period - Minor Penalty to Scott Reedy for Interference.
19:35 of 1st period - Gregory Hofmann wins face-off versus Jonathan Toews in Palm Springs Eager zone.
19:36 of 1st period - Shot by Brett Seney.
19:36 of 1st period - Shot Misses the Net.
19:38 of 1st period - Shot by Gregory Hofmann.
19:38 of 1st period - Stopped by Anton Forsberg with a rebound.
19:40 of 1st period - Shot by Ryan Stanton.
19:40 of 1st period - Shot Misses the Net.
19:42 of 1st period - Shot by Jack Rodewald.
19:42 of 1st period - Shot Misses the Net.
19:48 of 1st period - Shot by Gregory Hofmann.
19:48 of 1st period - Shot Blocked by Gavin Bayreuther.
19:50 of 1st period - Shot by Gregory Hofmann.
19:50 of 1st period - Shot Misses the Net.
19:52 of 1st period - Shot by Gregory Hofmann.
19:52 of 1st period - Shot Blocked by Scott Mayfield.
19:54 of 1st period - Shot by Gregory Hofmann.
19:54 of 1st period - Shot Blocked by Gavin Bayreuther.
Goals for this period are 0 for Wolves vs 2 for Palm Springs Eager.
Shots for this period are 20 for Wolves vs 13 for Palm Springs Eager.

2nd period


0:01 of 2nd period - Jonathan Toews wins face-off versus Brett Seney in neutral zone.
1:36 of 2nd period - Shot by Scott Kosmachuk.
1:36 of 2nd period - Shot Misses the Net.
1:38 of 2nd period - Shot by Tommy Cross.
1:38 of 2nd period - Stopped by Anton Forsberg without a rebound.
1:39 of 2nd period - Nico Sturm wins face-off versus Artur Gavrus in Palm Springs Eager zone.
1:39 of 2nd period - Nico Sturm is hit by Artur Gavrus.
1:55 of 2nd period - Shot by Artur Gavrus.
1:55 of 2nd period - Stopped by Anton Forsberg without a rebound.
1:56 of 2nd period - Lias Andersson wins face-off versus David Cotton in Palm Springs Eager zone.
2:06 of 2nd period - Minor Penalty to Lias Andersson for Hooking.
2:07 of 2nd period - Jonathan Toews wins face-off versus Gregory Hofmann in Palm Springs Eager zone.
2:32 of 2nd period - Nico Sturm is hit by Brett Seney and loses puck.
3:28 of 2nd period - Shot by Garrett Mitchell.
3:28 of 2nd period - Stopped by Anton Forsberg with a rebound.
3:34 of 2nd period - Shot by Garrett Mitchell.
3:34 of 2nd period - Deflect By Jamie Devane.
3:34 of 2nd period - Shot Blocked by Ryan Graves.
3:36 of 2nd period - Shot by Garrett Mitchell.
3:36 of 2nd period - Shot Blocked by Nico Sturm.
3:38 of 2nd period - Shot by Garrett Mitchell.
3:38 of 2nd period - Stopped by Anton Forsberg without a rebound.
3:39 of 2nd period - Gregory Hofmann wins face-off versus Jonathan Toews in Palm Springs Eager zone.
4:12 of 2nd period - Shot by Mark Jankowski.
4:12 of 2nd period - Stopped by Anton Forsberg without a rebound.
4:13 of 2nd period - Mark Jankowski wins face-off versus Scott Reedy in Palm Springs Eager zone.
4:13 of 2nd period - Artur Gavrus is hit by Colin Miller and loses puck.
4:16 of 2nd period - Shot by Louie Belpedio.
4:16 of 2nd period - Shot Misses the Net.
4:18 of 2nd period - Shot by Louie Belpedio.
4:18 of 2nd period - Shot Blocked by Vili Saarijarvi.
4:20 of 2nd period - Shot by Mark Jankowski.
4:20 of 2nd period - Stopped by Anton Forsberg with a rebound.
4:22 of 2nd period - Shot by Artur Gavrus.
4:22 of 2nd period - Stopped by Anton Forsberg with a rebound.
4:24 of 2nd period - Shot by Mark Jankowski.
4:24 of 2nd period - Deflect By Artur Gavrus.
4:24 of 2nd period - Stopped by Anton Forsberg with a rebound.
4:26 of 2nd period - Shot by Scott Kosmachuk.
4:26 of 2nd period - Stopped by Anton Forsberg without a rebound.
4:27 of 2nd period - Tanner Kero wins face-off versus Saku Maenalanen in Palm Springs Eager zone.
4:27 of 2nd period - Jamie Devane is hit by Radko Gudas and loses puck.
5:15 of 2nd period - Icing by Garrett Mitchell.
5:16 of 2nd period - Jonathan Toews wins face-off versus Tanner Kero in Wolves zone.
5:16 of 2nd period - Rocco Grimaldi is hit by Matt Tennyson and loses puck.
5:38 of 2nd period - Icing by Gavin Bayreuther.
5:39 of 2nd period - Gregory Hofmann wins face-off versus Jonathan Toews in Palm Springs Eager zone.
5:57 of 2nd period - Icing by Brett Seney.
5:58 of 2nd period - Gregory Hofmann wins face-off versus Nico Sturm in Wolves zone.
5:58 of 2nd period - Gregory Hofmann is hit by Mike Hardman.
6:16 of 2nd period - Shot by Nico Sturm.
6:16 of 2nd period - Deflect By Saku Maenalanen.
6:16 of 2nd period - Shot Blocked by Radim Simek.
6:18 of 2nd period - Shot by Ryan Graves.
6:18 of 2nd period - Deflect By Nico Sturm.
6:18 of 2nd period - Stopped by Dylan Wells with a rebound.
6:20 of 2nd period - Shot by Nico Sturm.
6:20 of 2nd period - Stopped by Dylan Wells with a rebound.
6:22 of 2nd period - Shot by Nico Sturm.
6:22 of 2nd period - Stopped by Dylan Wells without a rebound.
6:23 of 2nd period - Mark Jankowski wins face-off versus Jonathan Toews in Wolves zone.
6:37 of 2nd period - Minor Penalty to Colin Miller for Hooking.
6:38 of 2nd period - Tanner Kero wins face-off versus Jonathan Toews in Palm Springs Eager zone.
7:35 of 2nd period - Ryan Graves is hit by Jack Rodewald and loses puck.
8:22 of 2nd period - Off-side.
8:23 of 2nd period - Tanner Kero wins face-off versus Jonathan Toews in neutral zone.
8:58 of 2nd period - Shot by Scott Kosmachuk.
8:58 of 2nd period - Shot Hit the Post.
9:00 of 2nd period - Shot by Louie Belpedio.
9:00 of 2nd period - Shot Blocked by Vili Saarijarvi.
9:02 of 2nd period - Shot by Artur Gavrus.
9:02 of 2nd period - Shot Misses the Net.
9:45 of 2nd period - Shot by Lias Andersson.
9:45 of 2nd period - Deflect By Nikita Nesterenko.
9:45 of 2nd period - Shot Misses the Net.
9:47 of 2nd period - Shot by Lias Andersson.
9:47 of 2nd period - Stopped by Dylan Wells without a rebound.
9:48 of 2nd period - Tanner Kero wins face-off versus Scott Reedy in Wolves zone.
10:33 of 2nd period - Off-side.
10:34 of 2nd period - Nico Sturm wins face-off versus Gregory Hofmann in neutral zone.
10:41 of 2nd period - Shot by Mike Hardman.
10:41 of 2nd period - Shot Misses the Net.
10:42 of 2nd period - Ryan Stanton beats up Scott Mayfield.
10:42 of 2nd period - Penalty to Scott Mayfield for Fighting.
10:42 of 2nd period - Penalty to Ryan Stanton for Fighting.
10:42 of 2nd period - Penalty to Scott Mayfield for instigated a fight.
10:42 of 2nd period - Scott Mayfield is ejected from game.
10:43 of 2nd period - Jonathan Toews wins face-off versus Gregory Hofmann in Wolves zone.
11:08 of 2nd period - Shot by Gregory Hofmann.
11:08 of 2nd period - Stopped by Anton Forsberg without a rebound.
11:09 of 2nd period - Tanner Kero wins face-off versus Steven Lorentz in Palm Springs Eager zone.
11:10 of 2nd period - Shot by Radim Simek.
11:10 of 2nd period - Stopped by Anton Forsberg with a rebound.
11:12 of 2nd period - Shot by Radim Simek.
11:12 of 2nd period - Shot Blocked by Nico Sturm.
11:14 of 2nd period - Shot by Jamie Devane.
11:14 of 2nd period - Stopped by Anton Forsberg with a rebound.
12:19 of 2nd period - Shot by Gregory Hofmann.
12:19 of 2nd period - Deflect By Brett Seney.
12:19 of 2nd period - Stopped by Anton Forsberg without a rebound.
12:20 of 2nd period - Jonathan Toews wins face-off versus Gregory Hofmann in Palm Springs Eager zone.
12:41 of 2nd period - Shot by Radim Simek.
12:41 of 2nd period - Stopped by Anton Forsberg with a rebound.
12:43 of 2nd period - Shot by Mark Jankowski.
12:43 of 2nd period - Deflect By Scott Kosmachuk.
12:43 of 2nd period - Stopped by Anton Forsberg without a rebound.
12:44 of 2nd period - Mark Jankowski wins face-off versus Mike Hardman in Palm Springs Eager zone.
13:44 of 2nd period - Icing by Vili Saarijarvi.
13:45 of 2nd period - Nico Sturm wins face-off versus Gregory Hofmann in Palm Springs Eager zone.
14:15 of 2nd period - Shot by Steven Lorentz.
14:15 of 2nd period - Stopped by Dylan Wells with a rebound.
14:17 of 2nd period - Shot by Rocco Grimaldi.
14:17 of 2nd period - Shot Blocked by Matt Tennyson.
14:29 of 2nd period - Shot by Rocco Grimaldi.
14:29 of 2nd period - Shot Misses the Net.
14:50 of 2nd period - Icing by Matt Tennyson.
14:51 of 2nd period - Gregory Hofmann wins face-off versus Lias Andersson in Wolves zone.
15:27 of 2nd period - Icing by Tommy Cross.
15:28 of 2nd period - Tanner Kero wins face-off versus Scott Reedy in Wolves zone.
15:40 of 2nd period - Icing by Scott Reedy.
15:41 of 2nd period - David Cotton wins face-off versus Rocco Grimaldi in Palm Springs Eager zone.
16:45 of 2nd period - Mark Jankowski is hit by Radko Gudas and loses puck.
16:59 of 2nd period - Icing by Alexander Campbell.
17:00 of 2nd period - Gregory Hofmann wins face-off versus Rocco Grimaldi in Palm Springs Eager zone.
17:42 of 2nd period - Off-side.
17:43 of 2nd period - Tanner Kero wins face-off versus Lias Andersson in neutral zone.
17:46 of 2nd period - Lias Andersson is hit by Jamie Devane and loses puck.
18:24 of 2nd period - Icing by Gavin Bayreuther.
18:25 of 2nd period - Lias Andersson wins face-off versus Scott Kosmachuk in Palm Springs Eager zone.
18:25 of 2nd period - Lias Andersson is hit by Mark Jankowski.
18:44 of 2nd period - Colin Miller is hit by Tommy Cross and loses puck.
18:59 of 2nd period - Shot by Nico Sturm.
18:59 of 2nd period - Shot Misses the Net.
19:45 of 2nd period - Shot by Scott Reedy.
19:45 of 2nd period - Stopped by Dylan Wells without a rebound.
19:46 of 2nd period - Jonathan Toews wins face-off versus Gregory Hofmann in Wolves zone.
Goals for this period are 0 for Wolves vs 0 for Palm Springs Eager.
Shots for this period are 15 for Wolves vs 6 for Palm Springs Eager.

3rd period


0:01 of 3rd period - Jonathan Toews wins face-off versus Gregory Hofmann in neutral zone.
0:04 of 3rd period - Shot by Steven Lorentz.
0:04 of 3rd period - Shot Misses the Net.
0:08 of 3rd period - Shot by Steven Lorentz.
0:08 of 3rd period - Shot Blocked by Radim Simek.
0:10 of 3rd period - Shot by Rocco Grimaldi.
0:10 of 3rd period - Shot Misses the Net.
0:12 of 3rd period - Shot by Ryan Graves.
0:12 of 3rd period - Goal by Ryan Graves - Wolves : 0 - Palm Springs Eager : 3.
0:13 of 3rd period - Tanner Kero wins face-off versus Nico Sturm in neutral zone.
0:21 of 3rd period - Icing by Gavin Bayreuther.
0:22 of 3rd period - Nico Sturm wins face-off versus Gregory Hofmann in Palm Springs Eager zone.
0:29 of 3rd period - Shot by Mike Hardman.
0:29 of 3rd period - Deflect By Saku Maenalanen.
0:29 of 3rd period - Shot Hit the Post.
0:31 of 3rd period - Shot by Colin Miller.
0:31 of 3rd period - Stopped by Dylan Wells without a rebound.
0:32 of 3rd period - Tanner Kero wins face-off versus Jonathan Toews in Wolves zone.
0:32 of 3rd period - Tanner Kero is hit by Rocco Grimaldi.
0:39 of 3rd period - Shot by Steven Lorentz.
0:39 of 3rd period - Shot Blocked by Mitchell Vande Sompel.
0:41 of 3rd period - Shot by Steven Lorentz.
0:41 of 3rd period - Stopped by Dylan Wells with a rebound.
0:43 of 3rd period - Shot by Radko Gudas.
0:43 of 3rd period - Stopped by Dylan Wells without a rebound.
0:44 of 3rd period - Nico Sturm wins face-off versus Gregory Hofmann in Wolves zone.
0:50 of 3rd period - Saku Maenalanen is hit by Matt Tennyson and loses puck.
0:57 of 3rd period - Shot by Brett Seney.
0:57 of 3rd period - Shot Blocked by Nico Sturm.
0:59 of 3rd period - Shot by Jack Rodewald.
0:59 of 3rd period - Shot Misses the Net.
1:01 of 3rd period - Shot by Ryan Stanton.
1:01 of 3rd period - Stopped by Anton Forsberg without a rebound.
1:02 of 3rd period - Tanner Kero wins face-off versus Jonathan Toews in Palm Springs Eager zone.
1:02 of 3rd period - Mitchell Vande Sompel is hit by Radko Gudas and loses puck.
1:30 of 3rd period - Shot by Garrett Mitchell.
1:30 of 3rd period - Deflect By Jamie Devane.
1:30 of 3rd period - Shot Misses the Net.
1:38 of 3rd period - Shot by Tanner Kero.
1:38 of 3rd period - Stopped by Anton Forsberg without a rebound.
1:39 of 3rd period - Nico Sturm wins face-off versus Gregory Hofmann in Palm Springs Eager zone.
1:51 of 3rd period - Brett Seney is hit by Gavin Bayreuther and loses puck.
1:54 of 3rd period - Shot by Brett Seney.
1:54 of 3rd period - Shot Blocked by Mike Hardman.
1:56 of 3rd period - Shot by Jack Rodewald.
1:56 of 3rd period - Shot Misses the Net.
2:08 of 3rd period - Shot by Gavin Bayreuther.
2:08 of 3rd period - Shot Misses the Net.
2:13 of 3rd period - Icing by Jack Rodewald.
2:14 of 3rd period - Jonathan Toews wins face-off versus Gregory Hofmann in Wolves zone.
2:27 of 3rd period - Icing by Brett Seney.
2:28 of 3rd period - Lias Andersson wins face-off versus Gregory Hofmann in Wolves zone.
2:49 of 3rd period - Shot by Lias Andersson.
2:49 of 3rd period - Deflect By Nikita Nesterenko.
2:49 of 3rd period - Stopped by Dylan Wells without a rebound.
2:50 of 3rd period - Tanner Kero wins face-off versus Nico Sturm in Wolves zone.
5:08 of 3rd period - Shot by Gregory Hofmann.
5:08 of 3rd period - Shot Misses the Net.
5:10 of 3rd period - Shot by Ryan Stanton.
5:10 of 3rd period - Stopped by Anton Forsberg without a rebound.
5:11 of 3rd period - Mark Jankowski wins face-off versus Scott Reedy in Palm Springs Eager zone.
5:30 of 3rd period - Shot by Rocco Grimaldi.
5:30 of 3rd period - Stopped by Dylan Wells without a rebound.
5:31 of 3rd period - Gregory Hofmann wins face-off versus Nico Sturm in Wolves zone.
5:55 of 3rd period - Shot by Jack Rodewald.
5:55 of 3rd period - Shot Misses the Net.
6:07 of 3rd period - Shot by Gregory Hofmann.
6:07 of 3rd period - Shot Blocked by Nico Sturm.
6:09 of 3rd period - Shot by Gregory Hofmann.
6:09 of 3rd period - Stopped by Anton Forsberg without a rebound.
6:10 of 3rd period - Tanner Kero wins face-off versus Steven Lorentz in Palm Springs Eager zone.
6:15 of 3rd period - Shot by Jamie Devane.
6:15 of 3rd period - Stopped by Anton Forsberg with a rebound.
6:31 of 3rd period - Shot by Steven Lorentz.
6:31 of 3rd period - Stopped by Dylan Wells without a rebound.
6:32 of 3rd period - Lias Andersson wins face-off versus Scott Kosmachuk in Wolves zone.
7:37 of 3rd period - Nico Sturm is hit by Matt Tennyson and loses puck.
7:40 of 3rd period - Shot by Saku Maenalanen.
7:40 of 3rd period - Shot Misses the Net.
8:11 of 3rd period - Alexander Campbell is hit by Matt Tennyson and loses puck.
8:16 of 3rd period - Shot by Alexander Campbell.
8:16 of 3rd period - Deflect By Scott Reedy.
8:16 of 3rd period - Shot Misses the Net.
8:18 of 3rd period - Shot by Scott Reedy.
8:18 of 3rd period - Shot Misses the Net.
8:20 of 3rd period - Shot by Alexander Campbell.
8:20 of 3rd period - Shot Misses the Net.
8:22 of 3rd period - Shot by Colin Miller.
8:22 of 3rd period - Stopped by Dylan Wells without a rebound.
8:23 of 3rd period - Lias Andersson wins face-off versus Jamie Devane in Wolves zone.
8:24 of 3rd period - Shot by Jonathan Toews.
8:24 of 3rd period - Stopped by Dylan Wells with a rebound.
8:26 of 3rd period - Shot by Lias Andersson.
8:26 of 3rd period - Shot Misses the Net.
8:28 of 3rd period - Shot by Ryan Graves.
8:28 of 3rd period - Stopped by Dylan Wells with a rebound.
8:30 of 3rd period - Shot by Jonathan Toews.
8:30 of 3rd period - Shot Misses the Net.
8:32 of 3rd period - Shot by Lias Andersson.
8:32 of 3rd period - Shot Misses the Net.
8:34 of 3rd period - Shot by Nikita Nesterenko.
8:34 of 3rd period - Stopped by Dylan Wells with a rebound.
8:44 of 3rd period - Shot by Jonathan Toews.
8:44 of 3rd period - Shot Misses the Net.
8:48 of 3rd period - Shot by Lias Andersson.
8:48 of 3rd period - Deflect By Jonathan Toews.
8:48 of 3rd period - Goal by Jonathan Toews - Wolves : 0 - Palm Springs Eager : 4.
8:49 of 3rd period - David Cotton wins face-off versus Nico Sturm in neutral zone.
8:55 of 3rd period - Shot by Adam Helewka.
8:55 of 3rd period - Stopped by Anton Forsberg without a rebound.
8:56 of 3rd period - David Cotton wins face-off versus Scott Reedy in Palm Springs Eager zone.
9:01 of 3rd period - Shot by Tommy Cross.
9:01 of 3rd period - Shot Misses the Net.
9:03 of 3rd period - Shot by Adam Helewka.
9:03 of 3rd period - Stopped by Anton Forsberg with a rebound.
9:05 of 3rd period - Shot by Jens Looke.
9:05 of 3rd period - Stopped by Anton Forsberg without a rebound.
9:06 of 3rd period - Tanner Kero wins face-off versus Jonathan Toews in Palm Springs Eager zone.
9:25 of 3rd period - Icing by Radko Gudas.
9:26 of 3rd period - Gregory Hofmann wins face-off versus Jonathan Toews in Palm Springs Eager zone.
9:51 of 3rd period - Shot by Steven Lorentz.
9:51 of 3rd period - Stopped by Dylan Wells without a rebound.
9:52 of 3rd period - Tanner Kero wins face-off versus Mike Hardman in Wolves zone.
10:00 of 3rd period - Jamie Devane is hit by Gavin Bayreuther and loses puck.
10:11 of 3rd period - Shot by Jamie Devane.
10:11 of 3rd period - Shot Misses the Net.
10:13 of 3rd period - Shot by Jamie Devane.
10:13 of 3rd period - Stopped by Anton Forsberg with a rebound.
10:15 of 3rd period - Shot by Tanner Kero.
10:15 of 3rd period - Stopped by Anton Forsberg without a rebound.
10:16 of 3rd period - Lias Andersson wins face-off versus Gregory Hofmann in Palm Springs Eager zone.
10:32 of 3rd period - Icing by Matt Tennyson.
10:33 of 3rd period - Brett Seney wins face-off versus Scott Reedy in Wolves zone.
10:33 of 3rd period - Brett Seney is hit by Rocco Grimaldi.
11:02 of 3rd period - Icing by Gavin Bayreuther.
11:03 of 3rd period - Scott Reedy wins face-off versus Tanner Kero in Palm Springs Eager zone.
11:09 of 3rd period - Colin Miller is hit by Radim Simek and loses puck.
11:10 of 3rd period - Minor Penalty to Radim Simek for Cross-checking.
11:11 of 3rd period - Brett Seney wins face-off versus Nico Sturm in Wolves zone.
12:05 of 3rd period - Icing by Steven Lorentz.
12:06 of 3rd period - Jack Rodewald wins face-off versus Jonathan Toews in Palm Springs Eager zone.
12:13 of 3rd period - Shot by Gavin Bayreuther.
12:13 of 3rd period - Shot Misses the Net.
12:15 of 3rd period - Shot by Rocco Grimaldi.
12:15 of 3rd period - Stopped by Dylan Wells without a rebound.
12:16 of 3rd period - Jonathan Toews wins face-off versus Jack Rodewald in Wolves zone.
12:29 of 3rd period - Shot by Steven Lorentz.
12:29 of 3rd period - Shot Misses the Net.
12:31 of 3rd period - Shot by Jonathan Toews.
12:31 of 3rd period - Stopped by Dylan Wells without a rebound.
12:32 of 3rd period - Jonathan Toews wins face-off versus Brett Seney in Wolves zone.
13:39 of 3rd period - Shot by Artur Gavrus.
13:39 of 3rd period - Stopped by Anton Forsberg without a rebound.
13:40 of 3rd period - Lias Andersson wins face-off versus Tanner Kero in Palm Springs Eager zone.
14:04 of 3rd period - Shot by Jamie Devane.
14:04 of 3rd period - Stopped by Anton Forsberg with a rebound.
14:06 of 3rd period - Shot by Garrett Mitchell.
14:06 of 3rd period - Shot Blocked by Vili Saarijarvi.
14:43 of 3rd period - Jack Rodewald is hit by Colin Miller and loses puck.
14:54 of 3rd period - Shot by Jack Rodewald.
14:54 of 3rd period - Stopped by Anton Forsberg with a rebound.
14:56 of 3rd period - Shot by Mitchell Vande Sompel.
14:56 of 3rd period - Shot Misses the Net.
14:58 of 3rd period - Shot by Gregory Hofmann.
14:58 of 3rd period - Shot Misses the Net.
15:00 of 3rd period - Shot by Jack Rodewald.
15:00 of 3rd period - Stopped by Anton Forsberg without a rebound.
15:01 of 3rd period - Nico Sturm wins face-off versus David Cotton in Palm Springs Eager zone.
15:01 of 3rd period - Saku Maenalanen is hit by Jens Looke and loses puck.
15:08 of 3rd period - Shot by Adam Helewka.
15:08 of 3rd period - Deflect By David Cotton.
15:08 of 3rd period - Shot Blocked by Ryan Graves.
15:10 of 3rd period - Shot by Adam Helewka.
15:10 of 3rd period - Shot Misses the Net.
15:12 of 3rd period - Shot by Louie Belpedio.
15:12 of 3rd period - Shot Misses the Net.
15:14 of 3rd period - Shot by David Cotton.
15:14 of 3rd period - Stopped by Anton Forsberg without a rebound.
15:15 of 3rd period - Mark Jankowski wins face-off versus Scott Reedy in Palm Springs Eager zone.
15:32 of 3rd period - Shot by Artur Gavrus.
15:32 of 3rd period - Shot Misses the Net.
15:34 of 3rd period - Shot by Matt Tennyson.
15:34 of 3rd period - Goal by Matt Tennyson - Wolves : 1 - Palm Springs Eager : 4.
15:35 of 3rd period - Gregory Hofmann wins face-off versus Nico Sturm in neutral zone.
15:48 of 3rd period - Shot by Saku Maenalanen.
15:48 of 3rd period - Shot Misses the Net.
16:06 of 3rd period - Shot by Nico Sturm.
16:06 of 3rd period - Stopped by Dylan Wells with a rebound.
16:49 of 3rd period - Rocco Grimaldi is hit by Matt Tennyson.
17:34 of 3rd period - Icing by Matt Tennyson.
17:35 of 3rd period - Tanner Kero wins face-off versus Nico Sturm in Wolves zone.
17:49 of 3rd period - Off-side.
17:50 of 3rd period - Scott Reedy wins face-off versus Gregory Hofmann in neutral zone.
18:07 of 3rd period - Shot by Rocco Grimaldi.
18:07 of 3rd period - Stopped by Dylan Wells without a rebound.
18:08 of 3rd period - Nico Sturm wins face-off versus David Cotton in Wolves zone.
18:20 of 3rd period - Nico Sturm is hit by Radim Simek.
18:27 of 3rd period - Off-side.
18:28 of 3rd period - Gregory Hofmann wins face-off versus Jonathan Toews in neutral zone.
18:54 of 3rd period - Minor Penalty to Radko Gudas for Holding.
18:55 of 3rd period - Jonathan Toews wins face-off versus Tanner Kero in Palm Springs Eager zone.
19:27 of 3rd period - Icing by Jamie Devane.
19:28 of 3rd period - Steven Lorentz wins face-off versus Tanner Kero in Wolves zone.
19:45 of 3rd period - Mitchell Vande Sompel is hit by Nico Sturm and loses puck.
Goals for this period are 1 for Wolves vs 2 for Palm Springs Eager.
Shots for this period are 16 for Wolves vs 17 for Palm Springs Eager.